 Dungeon Crawl Stone Soup version 0.29.1-15-g9cfb28693d (webtiles) character file.

Game seed: 4462531335925120197

56 Mickster the Covered (level 3, -4/24 HPs)
             Began as a Gargoyle Fighter on Mar 8, 2023.
             Killed by divine providence
             ... invoked by an orc priest
              (11 damage)
             ... on level 3 of the Dungeon.
             The game lasted 00:20:27 (2041 turns).

Mickster the Covered (Gargoyle Fighter)             Turns: 2041, Time: 00:20:28

Health: -4/24      AC: 10    Str: 21    XL:     3   Next: 97%
Magic:  3/3        EV:  9    Int:  8    God:
Gold:   75         SH:  9    Dex:  9    Spells: 2/2 levels left

rFire   . . .      SeeInvis .   a - +1 war axe (vamp)
rCold   . . .      Faith    .   c - +0 buckler
rNeg    + . .      Spirit   .   b - +0 scale mail
rPois   ∞          Reflect  +   (no helmet)
rElec   +          Harm     .   (no cloak)
rCorr   .          Rampage  .   (no gloves)
Will    +....                   (no boots)
Stlth   ..........              e - amulet of reflection
HPRegen 0.08/turn               k - ring of willpower
MPRegen 0.08/turn               (no ring)

@: no status effects
A: sickness immunity, AC +3, negative energy resistance 1, electricity
resistance, torment resistance 1, petrification resistance
a: no special abilities


You were on level 3 of the Dungeon.
You visited 1 branch of the dungeon, and saw 3 of its levels.

You collected 75 gold pieces.

Inventory:

Hand Weapons
 a - a +1 vampiric war axe (weapon)
 m - a +0 great sword
Missiles
 f - 6 poisoned darts
 g - 28 stones
 j - 5 boomerangs (quivered)
Armour
 b - a +0 scale mail (worn)
 c - a +0 buckler (worn)
Jewellery
 e - an amulet of reflection (around neck)
 k - a ring of willpower (left hand)
Scrolls
 h - a scroll of teleportation
 i - a scroll of fog {unknown}
 n - a scroll of torment {unknown}
Potions
 d - 3 potions of might
 l - a potion of curing


   Skills:
 + Level 3.7 Fighting
 + Level 2.2 Axes
 + Level 4.0 Armour
 + Level 0.2 Dodging
 + Level 3.9 Shields


You had 2 spell levels left.
You didn't know any spells.
Your spell library contained the following spells:

 Spells                   Type           Power      Damage    Failure   Level
 Ensorcelled Hibernation  Hex/Ice        0%         N/A       92%         2
 Spider Form              Tmut/Pois      0%         N/A       99%         3
 Anguish                  Hex/Necr       0%         N/A       100%        4


Dungeon Overview and Level Annotations

Branches:
Dungeon (3/15)

Altars:

Annotations:
D:3 1 runed translucent door, nshep25's ghost, amateur DECj


Innate Abilities, Weirdness & Mutations

You are immune to sickness and miasma.
Your stone body is resilient. (AC +3)
You are immune to poison.
You resist negative energy. (rN+)
You are resistant to electric shocks. (rElec)
You are resistant to unholy torment.
You are immune to petrification.


Message History

You kill the bat!
You see here a bat corpse.
A ball python comes into view.
Found a scroll labelled HUIZAA YXOZOFA.
The ball python hisses angrily. 3 orcs come into view.
The orc shouts! x2; You hear a shout!
An orc wizard comes into view. It is wielding a +0 dagger.
Found a club.
The ball python bites you but does no damage.
The ball python grabs you. The ball python constricts you.
An orc priest comes into view. It is wielding a +0 club.
You escape the ball python's grasp.
The orc priest shouts!
The ball python bites you. The ball python grabs you.
The ball python constricts you.
You closely miss the ball python. The ball python bites you.
The ball python constricts you.
You barely miss the ball python. The ball python barely misses you.
The ball python constricts you.
The ball python bites you but does no damage.
The ball python constricts you.
You hit the ball python.
You kill the ball python!
You slash the orc!
You feel better.
You kill the orc!
You barely miss the rat. The rat bites you but does no damage.
The rat barely misses you.
You slash the rat!
You kill the rat!
You hit the orc wizard.
You feel better. The orc wizard barely misses you.
The orc priest mumbles some strange prayers to Beogh against you.
Beogh smites you!
Ouch! That really hurt!
* * * LOW HITPOINT WARNING * * *
You see here a ball python corpse.
The orc priest calls down the wrath of Beogh upon you.
Beogh smites you!
You die...

. .. #. ..
#.###### . .
#...).o##...#
###.. #oo....#
..... #o###...#
.# #@# ..# .# #.#
) ># ##.# ##
###..# #
#...#....... #
#†###....?.. #.#
.......
######.########.#
# #........#WP# #


You could see an orc priest, an orc wizard and 2 orcs.

Vanquished Creatures
  An adder (D:2)
  A dart slug (D:2)
  An orc (D:3)
  6 ball pythons
  5 endoplasms
  6 goblins
  2 hobgoblins
  6 kobolds
  3 quokkas (D:2)
  4 bats
  2 frilled lizards (D:1)
  7 rats
44 creatures vanquished.

Notes
Turn   | Place    | Note
-------+----------+-------------------------------------------
     0 | D:1      | Mickster the Gargoyle Fighter began the quest for the Orb.
     0 | D:1      | Reached XP level 1. HP: 14/14 MP: 1/1
   140 | D:1      | Reached XP level 2. HP: 18/19 MP: 2/2
  1187 | D:2      | Reached XP level 3. HP: 24/24 MP: 3/3
  1445 | D:2      | Reached skill level 4 in Armour
  2000 | D:3      | Found a runed translucent door.
  2003 | D:3      | Noticed nshep25's ghost (amateur DECj)
  2041 | D:3      | Killed from afar by an orc priest

Illustrated notes

Levels and vault maps discovered:
D:1:      saegor_arrival_simple_d, layout_loops_corners
D:2:      layout_loops_ring, chequers_decorated_corner, st_stairs_1,
          minmay_strange_pillars
D:3:      layout_rooms, gammafunk_ghost_grave, nrook_mini_backslash

Skill      XL: |  1  2  3 |
---------------+----------+-----
Axes           | 2 |  2.2
Armour         | 4 |  4.0
Fighting       | |  3.7
Dodging        | |  0.2
Shields        | |  3.9

Action                   || total
-------------------------++-------
Melee: War axe           ||   102
Throw: Dart              ||     1
  Use: Scroll            ||     4
       Potion            ||     4
Armor: Scale mail        ||    46
Dodge: Dodged            ||    55
Block: Buckler           ||    62
       Reflection        ||     1
